 Dungeon Crawl Stone Soup version 0.17.2-1-ge4368a0 (webtiles) character file.

158 rlgrobin the Insei (level 5, 0/42 HPs)
             Began as a Mummy Monk on May 2, 2017.
             Slain by an orc
             ... wielding a +0 mace
              (7 damage)
             ... on level 2 of the Dungeon.
             The game lasted 00:04:46 (4555 turns).

rlgrobin the Insei (Mummy Monk)                     Turns: 4555, Time: 00:04:46

Health: 0/42       AC:  1    Str: 15    XL:     5   Next: 16%
Magic:  5/5        EV: 13    Int:  9    God:
Gold:   128        SH:  0    Dex: 15    Spells: 0 memorised, 4 levels left

rFire  x . .     SeeInvis .       - Unarmed
rCold  + . .     Clarity  .     (no armour)
rNeg   + + +     SustAt   .     (no shield)
rPois  ∞         Gourm    .     (no helmet)
rElec  .         Spirit   .     (no cloak)
rCorr  .         Warding  .     a - +0 pair of gloves
rMut   .         Stasis   .     (no boots)
MR     .....                    (no amulet)
Stlth  ++........               (no ring)
                                (no ring)

@: not resistant to hostile enchantments, unstealthy
A: no food or potions, fire vulnerability, cold resistance 1, negative energy
resistance 3, torment resistance, unbreathing
a: no special abilities


You were on level 2 of the Dungeon.
You were not hungry.

You visited 1 branch of the dungeon, and saw 3 of its levels.

You collected 128 gold pieces.


Innate Abilities, Weirdness & Mutations

You do not eat or drink.
Your flesh is vulnerable to fire.
You are immune to poison.
Your flesh is cold resistant.
You are immune to negative energy.
You are immune to unholy pain and torment.
You can survive without breathing.


   Skills:
 + Level 3.8 Fighting
 - Level 2.4 Dodging
 - Level 1.5 Stealth
 - Level 5.0 Unarmed Combat


You had 4 spell levels left.
You didn't know any spells.

Inventory:

Armour
 a - a +0 pair of gloves (worn)
 h - a +0 robe
Jewellery
 i - an uncursed amulet of stasis {unknown}
Scrolls
 b - a scroll of fear {unknown}
 c - a scroll of random uselessness {unknown}
 d - a scroll of immolation {unknown}
 e - a scroll of noise {unknown}
 f - 2 scrolls of identify {unknown}
 g - a scroll of magic mapping {unknown}

Dungeon Overview and Level Annotations

Branches:
Dungeon (3/15)

Altars:
Qazlal

▒....▒▒........
▒....▒▒.......▒
▒▒▒▒....▒▒.......▒
▒..'....'.........
▒.▒▒....▒▒▒▒▒▒▒▒▒▒
▒...▒▒▒▒▒▒▒▒....▒
▒.▒.▒ ▒.[.▒▒....▒
▒{▒.▒▒▒.▒.▒▒....▒▒
▒Mo...)....'.....)
▒▒▒.▒▒▒...▒▒....▒▒
▒▒.....▒▒▒▒....▒
▒.......▒ ▒▒▒▒▒▒
▒.......▒ ▒▒▒▒▒▒▒
▒...[...▒
▒.....▒▒▒
▒....▒▒▒▒
▒.......▒ ▒....▒
▒.......▒▒▒▒▒▒.▒▒


You could see an orc.


Message History

Unknown command!
You closely miss something! The orc hits you with a mace! Something hits you!
You take 6 damage, and have 27/42 hp!
You squash something but do no damage!
The orc barely misses you! Something hits you!
You take 2 damage, and have 25/42 hp!
You miss something! You closely miss something! Something hits you!
The orc misses you!
You take 2 damage, and have 23/42 hp!
You pulverise something!!!
Something hits you but does no damage! The orc hits you with a mace!
You take 1 damage, and have 22/42 hp!
You miss something! Something hits you! * * * don't die
* * * The orc barely misses you!
You take 1 damage, and have 21/42 hp!
You barely miss something! Something hits you but does no damage!
You miss something! The orc barely misses you!
Something hits you! * * * don't die
* * * You take 3 damage, and have 18/42 hp!
You beat something into a bloody pulp!
The orc closely misses you!
You hear some strange, mumbled words!
A magic dart appears from out of thin air!!!
The magic dart hits you!!! * * * don't die
* * * You take 9 damage, and have 9/42 hp!
MASSIVE DAMAGE!!!!!!
You closely miss something! Something hits you! * * * don't die
* * * The orc hits you with a mace!!! rip

Action                   |  1- 3 |  4- 6 || total
-------------------------+-------+-------++-------
Melee: Unarmed           |   181 |   151 ||   332
 Stab: Sleeping          |     6 |     1 ||     7
       Distracted        |     1 |     1 ||     2

Vault maps used:
D:1:      nicolae_arrival_washed_ashore, serial_bayou_crossing
D:2:      nicolae_qazlal_style_of_elements, uniq_jessica
D:3:      okawaru_gym_becter

Notes
Turn   | Place    | Note
--------------------------------------------------------------
     0 | D:1      | rlgrobin the Mummy Monk began the quest for the Orb.
     0 | D:1      | Reached XP level 1. HP: 18/18 MP: 1/1
   538 | D:1      | Reached XP level 2. HP: 21/24 MP: 2/2
   890 | D:1      | Reached skill level 4 in Unarmed Combat
  1411 | D:1      | Reached XP level 3. HP: 29/29 MP: 3/3
  2224 | D:2      | Noticed Jessica
  2237 | D:2      | Killed Jessica
  2237 | D:2      | Reached XP level 4. HP: 24/35 MP: 4/4
  3036 | D:2      | Noticed an air elemental
  3038 | D:2      | Found a stormy altar of Qazlal.
  3041 | D:2      | Noticed an earth elemental
  3041 | D:2      | Noticed a fire elemental
  3041 | D:2      | Noticed a water elemental
  3072 | D:2      | Reached skill level 5 in Unarmed Combat
  4195 | D:2      | Reached XP level 5. HP: 27/42 MP: 5/5
  4555 | D:2      | Slain by an orc

Vanquished Creatures
  Jessica (D:2)
  An orc wizard (D:2)
  2 adders
  An ooze (D:1)
  A worm (D:2)
  4 giant geckos
  4 orcs
  A giant cockroach (D:2)
  11 hobgoblins
  6 jackals
  5 kobolds
  10 bats
  2 giant newts (D:3)
  11 goblins
  2 quokkas (D:2)
  10 rats
72 creatures vanquished.
